 Dungeon Crawl Stone Soup version 0.29-a0-322-g68df515428 (webtiles) character file.

Game seed: 13932797518990034514

28 Hubjo the Skirmisher (level 2, -1/24 HPs)
             Began as a Demonspawn Monk on Apr 6, 2022.
             Slain by an iguana (11 damage)
             ... on level 2 of the Dungeon.
             The game lasted 00:01:12 (1058 turns).

Hubjo the Skirmisher (Demonspawn Monk)              Turns: 1058, Time: 00:01:13

Health: -1/24      AC:  4    Str: 11    XL:     2   Next: 96%
Magic:  3/3        EV: 12    Int: 11    God:
Gold:   21         SH:  0    Dex: 15    Spells: 2/2 levels left

rFire   . . .      SeeInvis .   a - +0 short sword
rCold   . . .      Faith    .   (no shield)
rNeg    . . .      Spirit   .   b - +0 robe
rPois   .          Reflect  .   (no helmet)
rElec   .          Harm     .   (no cloak)
rCorr   +          Rampage  .   (no gloves)
Will    .....                   (no boots)
Stlth   ++........              (no amulet)
HPRegen 0.08/turn               f - ring of resist corrosion
MPRegen 0.08/turn               (no ring)

@: no status effects
A: icy blue scales 1
a: no special abilities


You were on level 2 of the Dungeon.
You visited 1 branch of the dungeon, and saw 2 of its levels.

You collected 21 gold pieces.

Inventory:

Hand Weapons
 a - a +0 short sword (weapon)
Armour
 b - a +0 robe (worn)
Jewellery
 f - a ring of resist corrosion (left hand)
Scrolls
 d - 3 scrolls of identify
 g - a scroll of immolation
Potions
 c - a potion of ambrosia
 e - a potion of brilliance {unknown}


   Skills:
 * Level 3.5 Fighting
 - Level 2.6 Short Blades
 - Level 2.6 Dodging
 * Level 2.5 Stealth
 + Level 0.8 Spellcasting


You had 2 spell levels left.
You didn't know any spells.
Your spell library contained the following spells:

 Spells                   Type           Power      Damage    Failure   Level
 Foxfire                  Conj/Fire      0%         2x1d4     32%         1
 Magic Dart               Conj           0%         1d3       32%         1
 Slow                     Hex            0%         N/A       32%         1
 Call Imp                 Summ           0%         N/A       45%         2
 Confusing Touch          Hex            0%         N/A       69%         3
 Conjure Flame            Conj/Fire      0%         6-21      69%         3
 Inner Flame              Hex/Fire       0%         N/A       69%         3
 Mephitic Cloud           Conj/Pois/Air  0%         N/A       69%         3
 Vampiric Draining        Necr           0%         2d6       69%         3
 Flame Wave               Conj/Fire      0%         2d4       97%         4


Dungeon Overview and Level Annotations

Branches:
Dungeon (2/15)

Altars:


Innate Abilities, Weirdness & Mutations

You are partially covered in icy blue scales. (AC +2)


Message History

The frilled lizard barely misses you. The iguana bites you.
A goblin comes into view. It is wielding a +0 dagger.
The goblin shouts!
The goblin hits you with a +0 dagger.
You see here a book of Minor Magic.
You closely miss the goblin. The iguana misses you.
The goblin hits you but does no damage.
You closely miss the goblin. The goblin hits you with a +0 dagger.
The iguana barely misses you.
You hit the goblin.
You kill the goblin!
The iguana bites you but does no damage.
The iguana closely misses you.
You see here a +0 dagger.
You see here a book of Minor Magic.
You pick up a book of Minor Magic and begin reading...
You add the spells Magic Dart, Call Imp and Mephitic Cloud to your library.
The iguana barely misses you.
The frilled lizard completely misses you.
As you read the scroll labelled EMMICS FEEJ, it crumbles to dust.
It is a scroll of identify.
g - a scroll of immolation The iguana bites you but does no damage.
The frilled lizard closely misses you.
You are too injured to fight recklessly!
You barely miss the iguana. The iguana closely misses you.
The frilled lizard bites you.
You hit the iguana.
The iguana is lightly wounded.
You hit the iguana.
The iguana is moderately wounded.
The iguana bites you but does no damage.
The frilled lizard bites you but does no damage.
You hit the iguana but do no damage.
The iguana is moderately wounded.
The iguana barely misses you. The frilled lizard barely misses you.
You hit the iguana but do no damage.
The iguana is moderately wounded.
The iguana bites you!
You die...

###### ##....###
##...l@..##
..##...##l##.##
#.#...#?≈w≈.#.#
#....#..≈.≈..#.#
#...#≈≈≈≈.≈≈≈≈#.
..#..≈.≈≈≈.≈..#
. #...≈≈_≈≈...#
#...≈≈.≈≈...#
#...≈.≈.≈...#


You could see a worm, an iguana and a frilled lizard.

Vanquished Creatures
  A dart slug (D:1)
  4 endoplasms (D:1)
  4 goblins
  5 hobgoblins (D:1)
  2 kobolds (D:1)
  A ball python (D:1)
  2 bats (D:1)
  A frilled lizard (D:1)
  3 rats (D:1)
23 creatures vanquished.

Notes
Turn   | Place    | Note
-------+----------+-------------------------------------------
     0 | D:1      | Hubjo the Demonspawn Monk began the quest for the Orb.
     0 | D:1      | Reached XP level 1. HP: 18/18 MP: 1/1
   208 | D:1      | Gained mutation: You are partially covered in icy blue
                  | scales. (AC +2) [demonic ancestry]
   208 | D:1      | Reached XP level 2. HP: 17/24 MP: 2/2
  1031 | D:2      | Found a faded altar of an unknown god.
  1058 | D:2      | Slain by an iguana

Illustrated notes

Levels and vault maps discovered:
D:1:      nzn_arrival_settlement, layout_loops_ring
D:2:      layout_basic, shapermc_ecumenical_altar_starsandcircs

Skill      XL: |  1 |
---------------+----+-----
Stealth        | 2 |  2.5
Fighting       | |  3.5
Short Blades   | |  2.6
Dodging        | |  2.6
Spellcasting   | |  0.8

Action                   || total
-------------------------++-------
Melee: Short sword       ||    72
       Punch             ||     1
  Use: Scroll            ||     1
 Stab: Sleeping          ||     7
Armor: Robe              ||    14
Dodge: Dodged            ||    42

Table legend: (Time is in decaauts)
 A = Elapsed time spent in this place.
 B = Non-inter-level travel time spent in this place.
 C = Inter-level travel time spent in this place.
 D = Time resting spent in this place.
 E = Time spent auto-exploring this place.
 F = Levels seen in this place.
 G = Mean time per level.
                   A        B        C        D        E       F      G
               +--------+--------+--------+--------+--------+-----+--------+
         Total |   1061 |   1049 |     12 |      0 |    862 |   2 |  530.5 |
       Dungeon |   1061 |   1049 |     12 |      0 |    862 |   2 |  530.5 |
               +--------+--------+--------+--------+--------+-----+--------+

Top non-repeatable levels by time:
     D:1: 1029 daAuts
     D:2: 32 daAuts
